 Dungeon Crawl Stone Soup version 0.31.0-32-g396128a36d (webtiles) character file.

Game seed: 11484738743281451656

114 Curundu the Trooper (level 4, 0/41 HPs)
             Began as a Minotaur Berserker on Mar 17, 2024.
             Was a Believer of Trog.
             Succumbed to Terence's poison
             ... on level 2 of the Dungeon.
             The game lasted 00:06:32 (1866 turns).

Curundu the Trooper (Minotaur Berserker)            Turns: 1866, Time: 00:06:33

Health: 0/41       AC:  9    Str: 23    XL:     4   Next: 67%
Magic:  3/3        EV:  9    Int:  4    God:    Trog [**....]
Gold:   56         SH:  0    Dex: 10    Spells: 3/3 levels left

rFire   . . .        a - +0 hand axe
rCold   . . .        (no shield)
rNeg    . . .        d - +0 chain mail
rPois   .            (helmet restricted)
rElec   .            (no cloak)
rCorr   .            (no gloves)
SInv    .            (no boots)
Will    ++...        (no amulet) Stlth
                     (no ring)
HPRegen 1.26/turn    (no ring)
MPRegen 0.08/turn

%: no passive effects
@: lethally poisoned (0 -> -4), strong-willed, on berserk cooldown,
regenerating, slowed, very slow
A: horns 2, retaliatory headbutt
a: Renounce Religion, Berserk, Trog's Hand


You were on level 2 of the Dungeon.
You worshipped Trog.
Trog was pleased with you.
You visited 1 branch of the dungeon, and saw 2 of its levels.

You collected 56 gold pieces.

Inventory:

Hand Weapons
 a - a +0 hand axe (weapon)
Armour
 d - a +0 chain mail (worn)
Jewellery
 k - a ring of protection from cold
Scrolls
 e - a scroll of brand weapon {unknown}
 f - a scroll of acquirement {unknown}
 g - a scroll of identify {unknown}
 l - a scroll of noise {unknown}
 m - a scroll of revelation {unknown}
Potions
 b - a potion of ambrosia {unknown}
 c - a potion of magic {unknown}
 h - a potion of haste {unknown}
 i - a potion of cancellation {unknown}
 j - a potion of curing {unknown}


   Skills:
 + Level 4.9 Fighting
 + Level 4.6 Axes
 + Level 3.9 Armour
 + Level 2.3 Dodging


You had 3 spell levels left.
You didn't know any spells.
Your spell library was empty.

Dungeon Overview and Level Annotations

Branches:
Dungeon (2/15)

Altars:
Vehumet

Shops:
D:1 (


Innate Abilities, Weirdness & Mutations

You have a pair of horns on your head.
You reflexively headbutt those who attack you in melee.


Message History

The frilled lizard completely misses you.
You furiously retaliate!
You headbutt the frilled lizard.
You kill the frilled lizard!
Trog accepts your kill.
A red film seems to cover your vision as you go berserk!
You feel yourself moving faster!
You feel mighty!
You feel very sick. Terence barely misses you. The goblin barely misses you.
You furiously retaliate!
You headbutt the goblin!
You kill the goblin!
Trog accepts your kill. Terence hits you but does no damage.
You are more poisoned.
You hit Terence.
Terence is lightly wounded.
You feel extremely sick.
Terence hits you with a +1 flail of venom.
You are more poisoned.
You slash Terence!
Terence is moderately wounded.
* * * LOW HITPOINT WARNING * * *
You feel extremely sick.
Terence hits you with a +1 flail of venom.
* * * LOW HITPOINT WARNING * * *
You barely miss Terence. You headbutt Terence!
Terence is almost dead.
* * * LOW HITPOINT WARNING * * *
You feel very sick. Terence misses you. You furiously retaliate!
You headbutt Terence!!
You kill Terence!
Trog accepts your kill.
* * * LOW HITPOINT WARNING * * *
You feel very sick.
You feel a strong urge to attack something.
* * * LOW HITPOINT WARNING * * *
You feel very sick.
You are no longer berserk.
You are exhausted.
You feel as though you will be slow longer.
You die...

##....#####
....$....#####....##
..................###
.........###.#......#
.............#......####
......................#.
........................
......)).........†......
.......@................
#.....)...............##
#####................##
#.<..............#
##..............##
##.....#........##
####.....†.....#..##
##.......####...##†.#
#..##.^..............


There were no monsters in sight!

Vanquished Creatures
  Jessica (D:2)
  Terence (D:2)
  2 adders (D:2)
  2 dart slugs (D:1)
  2 ribbon worms (D:2)
  An orc (D:2)
  3 bats
  3 endoplasms
  2 giant cockroaches (D:1)
  5 goblins
  2 hobgoblins
  A quokka (D:1)
  5 ball pythons (D:2)
  4 frilled lizards
  2 kobolds
  5 rats
41 creatures vanquished.

Notes
Turn   | Place    | Note
-------+----------+-------------------------------------------
     0 | D:1      | Curundu the Minotaur Berserker began the quest for the Orb.
     0 | D:1      | Reached XP level 1. HP: 19/19 MP: 0/0
   172 | D:1      | Found a faded altar of an unknown god.
   257 | D:1      | Found Nogufe's Weapon Shop.
   333 | D:1      | Reached XP level 2. HP: 23/27 MP: 1/1
  1493 | D:2      | Found a radiant altar of Vehumet.
  1544 | D:2      | Reached ** piety under Trog
  1547 | D:2      | Reached XP level 3. HP: 32/34 MP: 2/2
  1853 | D:2      | Noticed Jessica
  1855 | D:2      | Noticed Terence
  1858 | D:2      | Killed Jessica
  1859 | D:2      | Reached XP level 4. HP: 31/41 MP: 3/3
  1863 | D:2      | Killed Terence
  1865 | D:2      | HP: 3/61 [poisoned by Terence]
  1866 | D:2      | Succumbed to Terence's poison

Illustrated notes

Levels and vault maps discovered:
D:1:      dpeg_cavernosity, layout_basic, shapermc_ecumenical_altar_ellora,
          serial_shops, nicolae_shop_bloodbath_and_beyond, minmay_ruptured
D:2:      cheibrodos_old_hovel, layout_rooms, basic_altar, minmay_box_of_dots,
          uniq_terence, uniq_jessica

Skill      XL: |  1  2  3 |
---------------+----------+-----
Fighting       | 4 |  4.9
Axes           | 4 |  4.6
Armour         | 3 |  3.9
Dodging        | |  2.3

Action                     |  1- 3 |  4- 6 || total
---------------------------+-------+-------++-------
  Melee: Hand axe          |   107 |     4 ||   111
         Headbutt          |    20 |     1 ||    21
 Invoke: Trog's Hand       |     1 |       ||     1
         Berserk           |       |     1 ||     1
 Armour: Chain mail        |    80 |     4 ||    84
  Dodge: Dodged            |    49 |     5 ||    54
